 Dungeon Sprint DCSS version 0.22.1-1-ga44c0e56f4 (webtiles) character file.

1128 MuseOD the Covert (level 8, -19/46 HPs)
             Began as a Spriggan Enchanter on Sept 28, 2018.
             Was a Believer of Dithmenos.
             Demolished by Snorg (30 damage)
             ... in the Dungeon (Sprint III: "The Ten Rune Challenge").
             The game lasted 00:02:34 (531 turns).

MuseOD the Covert (Spriggan Enchanter)               Turns: 531, Time: 00:02:35

Health: -19/46     AC:  2    Str:  4    XL:     8   Next: 13%
Magic:  11/14      EV: 18    Int: 19    God:    Dithmenos [**....]
Gold:   29         SH:  0    Dex: 16    Spells: 5/14 levels left

rFire    . . .     SeeInvis +   s - +2 dagger (flame)
rCold    . . .     Gourm    .   (shield restricted)
rNeg     . . .     Faith    .   b - +0 robe
rPois    .         Spirit   .   (helmet restricted)
rElec    .         Reflect  .   (no cloak)
rCorr    .         Harm     .   (gloves unavailable)
MR       +....     NoTele   +   (boots unavailable)
Stlth    +++++++...             (no amulet)
HPRegen  0.15/turn              (no ring)
MPRegen  0.14/turn              (no ring)

@: wreathed by umbra, very quick
A: very small, unfitting armour, see invisible, herbivore, speed 3, slow
metabolism 2
a: Shadow Step, Renounce Religion


You were in the Dungeon.
You worshipped Dithmenos.
Dithmenos was pleased with you.
You were not hungry.

You visited 1 branch You collected 29 gold pieces.

Inventory:

Hand Weapons
 a - a +1 dagger
 s - a +2 dagger of flaming (weapon)
Armour
 b - a +0 robe (worn)
Scrolls
 c - 4 scrolls of remove curse
 j - a scroll of blinking
 l - a scroll of holy word {unknown}
 m - 2 scrolls of identify {unknown}
 p - 3 scrolls of immolation {unknown}
Potions
 e - a potion of curing
 f - a potion of heal wounds
 g - a potion of haste
 h - 2 potions of magic
 i - 2 potions of berserk rage
 k - 2 potions of mutation {unknown}
 n - a potion of agility {unknown}
 o - 2 potions of flight {unknown}
 q - a potion of degeneration {unknown}
 r - a potion of might
Comestibles
 d - 4 rations


   Skills:
 + Level 7.4 Fighting
 + Level 13.2 Short Blades
 - Level 3.0 Dodging
 + Level 13.9 Stealth
 + Level 3.8 Spellcasting
 - Level 3.6 Hexes


You had 5 spell levels left.
You knew the following spells:

 Your Spells              Type           Power        Failure   Level  Hunger
a - Corona                Hex            ###....      3%          1    None
b - Ensorcelled Hibernat  Hex/Ice        ##....       10%         2    ##.....
c - Confuse               Hex            ###.....     10%         3    ###....
d - Dazzling Spray        Conj/Hex       ##....       21%         3    ###....

Your spell library contained the following spells:

 Spells                   Type           Power        Failure   Level  Hunger
 Slow                     Hex            ###.....     4%          2    ##.....
 Tukima's Dance           Hex            ###.....     10%         3    ###....
 Magic Dart               Conj           #...         14%         1    None
 Blink                    Tloc           N/A          22%         2    ##.....
 Call Imp                 Summ           #.......     22%         2    ##.....
 Conjure Flame            Conj/Fire      #.......     38%         3    ###....
 Mephitic Cloud           Conj/Pois/Air  #.......     38%         3    ###....


Dungeon Overview and Level Annotations

Branches:
Dungeon (1/1)

Altars:
Dithmenos
Elyvilon
Kikubaaqudgha
Okawaru
Ru
Sif Muna
Trog
Uskayaw
Vehumet
Wu Jian
Yredelemnul
Zin
The Shining One
Beogh

Annotations:
D Snorg


Innate Abilities, Weirdness & Mutations

You are very small and have problems with some larger weapons.
You are too small for most types of armour.
You have supernaturally acute eyesight. (SInv)
You are a herbivore.
You cover ground extremely quickly.
You need to consume almost no food.


Message History

You close the door.
You hear a shout!
Something unseen opens the door.
You close the door.
Something unseen opens the door.
There's a creature in the doorway!
There is a fountain of clear blue water here.
There is an open door here.
Things that are here:
a dagger; a robe; a human corpse
There is an ancient bone altar of Kikubaaqudgha here.
Casting: Ensorcelled Hibernation (safe; 10% risk of failure)
Confirm with . or Enter, or press ? or * to list all spells.
Aiming: Dazzling Spray (safe; 21% risk of failure)
Press: ? - help, Shift-Dir - straight line, f - Snorg
Aim: Snorg (berserk, fast, unusually strong, umbra)
The spray of energy hits Snorg.
Snorg is lightly wounded.
Snorg is dazzled.
Snorg bites you!!
Ouch! That really hurt!
You die...

.#....≈♣♣♣♣..###'#'###'##
.#...≈≈♣.♣♣..#..........#
(#..≈≈≈≈.♣.♣.+.⌠........#
'#..≈≈≈≈≈≈.♣E#...######'#
.#.≈≈≈≈≈≈....#.⌠.#
#...#+#####
.#.≈≈≈≈≈.....#...#
#...#..≈≈§+
.#.≈≈≈....†..#'###
#...#§#§≈§#
##...........#.T)#
#...'.#§§.#
.............#__@#
+...#.#.§§#
▓▓▓▓▓▓▓▓▓▓▓▓▓▓▓▓▓▓
▓▓▓▓▓▓▓▓▓▓


You could see Snorg (berserk).

Vanquished Creatures
  A deep elf mage (D)
  A shadow (D)
  A necrophage (D)
  A scorpion (D)
  A wizard (D)
  A jelly (D)
  Jessica (D)
  A necromancer (D)
  A kobold demonologist (D)
  3 humans (D)
  An ooze (D)
  2 rats (D)
15 creatures vanquished.

Vanquished Creatures (others)
  2 draconian scorchers (D)
  6 hellions (D)
  A yaktaur (D)
  A plant (D)
10 creatures vanquished.

Grand Total: 25 creatures vanquished

Notes
Turn   | Place    | Note
-------+----------+-------------------------------------------
     0 | D        | MuseOD the Spriggan Enchanter began the quest for the Orb.
     0 | D        | Reached XP level 1. HP: 9/9 MP: 5/5
     4 | D        | Reached skill level 1 in Fighting
     4 | D        | Reached skill level 5 in Stealth
    12 | D        | Noticed Jessica
    31 | D        | Killed Jessica
    31 | D        | Reached XP level 2. HP: 2/15 MP: 6/6
    31 | D        | Reached XP level 3. HP: 3/18 MP: 8/8
    35 | D        | Learned a level 2 spell: Ensorcelled Hibernation
    39 | D        | Learned a level 3 spell: Confuse
    95 | D        | Killed a hellion
   134 | D        | Killed a hellion
   184 | D        | Killed a white draconian scorcher
   188 | D        | Killed a hellion
   188 | D        | Killed a hellion
   188 | D        | Killed a hellion
   189 | D        | Killed a hellion
   216 | D        | Killed a white draconian scorcher
   236 | D        | Killed a yaktaur
   268 | D        | Reached skill level 5 in Short Blades
   292 | D        | Noticed a scorpion
   299 | D        | Killed a scorpion
   299 | D        | Reached XP level 4. HP: 24/24 MP: 6/9
   326 | D        | Noticed a water elemental
   347 | D        | Found a glowing silver altar of Zin.
   381 | D        | Found a basalt altar of Yredelemnul.
   381 | D        | Found a shadowy altar of Dithmenos.
   381 | D        | Found a sacrificial altar of Ru.
   381 | D        | Noticed a necrophage
   384 | D        | Killed a necrophage
   384 | D        | Reached skill level 10 in Stealth
   384 | D        | Reached XP level 5. HP: 30/30 MP: 10/10
   388 | D        | Became a worshipper of Dithmenos the Shadowed
   393 | D        | Learned a level 3 spell: Dazzling Spray
   399 | D        | Found a hide-covered altar of Uskayaw.
   399 | D        | Found an iron altar of Okawaru.
   400 | D        | Found a roughly hewn altar of Beogh.
   400 | D        | Found a bloodstained altar of Trog.
   400 | D        | Found an ornate altar of the Wu Jian Council.
   400 | D        | Noticed a human
   400 | D        | Noticed a human
   402 | D        | Killed a human
   402 | D        | Reached skill level 5 in Fighting
   402 | D        | Reached skill level 10 in Short Blades
   402 | D        | Reached XP level 6. HP: 35/35 MP: 11/11
   403 | D        | Killed a human
   422 | D        | Found a glowing golden altar of the Shining One.
   422 | D        | Found a white marble altar of Elyvilon.
   422 | D        | Noticed a deep elf mage
   425 | D        | Killed a deep elf mage
   425 | D        | Reached * piety under Dithmenos
   425 | D        | Reached XP level 7. HP: 42/42 MP: 12/12
   433 | D        | Found a radiant altar of Vehumet.
   433 | D        | Found a deep blue altar of Sif Muna.
   433 | D        | Found an ancient bone altar of Kikubaaqudgha.
   453 | D        | Noticed a shadow
   455 | D        | Killed a shadow
   455 | D        | Reached ** piety under Dithmenos
   455 | D        | Reached XP level 8. HP: 46/46 MP: 12/14
   506 | D        | Noticed Snorg
   531 | D        | Demolished by Snorg

Skill      XL: |  1  2  3  4  5  6  7 |
---------------+----------------------+-----
Fighting       | 2 3 4 5 7 |  7.4
Short Blades   | 4 6 9 10 12 13 | 13.2
Stealth        | 6 8 10 11 13 | 13.9
Spellcasting   | 3 |  3.8
Dodging        | |  3.0
Hexes          | |  3.6

Action                   |  1- 3 |  4- 6 |  7- 9 || total
-------------------------+-------+-------+-------++-------
Melee: Dagger            |    20 |     5 |     4 ||    29
 Cast: Ensorcelled Hiber |     1 |       |     2 ||     3
       Dazzling Spray    |       |       |     1 ||     1
 Stab: Sleeping          |     3 |     5 |     4 ||    12
Dodge: Dodged            |    13 |     2 |     4 ||    19
